 Dungeon Crawl Stone Soup version 0.29-a0-375-g5102b3be25 (webtiles) character file.

Game seed: 11691962652311783628

57 spaghetti the Firebug (level 4, -14/32 HPs)
             Began as a Gnoll Fire Elementalist on May 3, 2022.
             Was a Follower of Qazlal.
             Killed by an exploding hobgoblin (31 damage)
             ... ignited by their inner flame
             ... on level 2 of the Dungeon.
             The game lasted 00:03:00 (1399 turns).

spaghetti the Firebug (Gnoll Fire Elementalist)     Turns: 1399, Time: 00:03:01

Health: -14/32     AC:  2    Str:  8    XL:     4   Next: 0%
Magic:  4/11       EV: 13    Int: 16    God:    Qazlal [*.....]
Gold:   40         SH:  2    Dex: 12    Spells: 7/13 levels left

rFire   . . .      SeeInvis .   f - +1 dagger (elec) {short}
rCold   . . .      Faith    .   (no shield)
rNeg    . . .      Spirit   .   a - +0 robe
rPois   .          Reflect  .   (no helmet)
rElec   .          Harm     .   (no cloak)
rCorr   .          Rampage  .   (no gloves)
Will    .....                   (no boots)
Stlth   ++........              (no amulet)
HPRegen 0.10/turn               (no ring)
MPRegen 0.12/turn               (no ring)

@: no status effects
A: fangs 1, strong nose, distributed training
a: Renounce Religion


You were on level 2 of the Dungeon.
You worshipped Qazlal.
Qazlal was aware of your devotion.
You visited 1 branch of the dungeon, and saw 2 of its levels.

You collected 40 gold pieces.


Innate Abilities, Weirdness & Mutations

You have very sharp teeth.
Your uncanny sense of smell can sniff out nearby items.
Your experience applies equally to all skills.


   Skills:
 + Level 1.0 Fighting
 + Level 1.0 Short Blades
 + Level 1.0 Long Blades
 + Level 1.0 Axes
 + Level 1.0 Maces & Flails
 + Level 1.0 Polearms
 + Level 1.0 Staves
 + Level 1.0 Slings
 + Level 1.0 Bows
 + Level 1.0 Crossbows
 + Level 1.0 Throwing
 + Level 1.0 Armour
 + Level 4.6 Dodging
 + Level 4.2 Stealth
 + Level 1.0 Shields
 + Level 1.0 Unarmed Combat
 + Level 5.0 Spellcasting
 + Level 2.2 Conjurations
 + Level 0.7 Hexes
 + Level 0.7 Summonings
 + Level 0.7 Necromancy
 + Level 0.7 Translocations
 + Level 0.7 Transmutations
 + Level 5.4 Fire Magic
 + Level 0.7 Ice Magic
 + Level 0.7 Air Magic
 + Level 0.7 Earth Magic
 + Level 0.7 Poison Magic
 + Level 1.1 Invocations
 + Level 1.0 Evocations


You had 7 spell levels left.
You knew the following spells:

 Your Spells              Type           Power      Damage    Failure   Level
a - Foxfire               Conj/Fire      64%        2x1d7     3%          1
b - Inner Flame           Hex/Fire       14%        N/A       13%         3
c - Scorch                Fire           42%        2d7       2%          2

Your spell library contained the following spells:

 Spells                   Type           Power      Damage    Failure   Level
 Conjure Flame            Conj/Fire      16%        6-21      10%         3
 Flame Wave               Conj/Fire      16%        2d6       30%         4

Inventory:

Hand Weapons
 d - a +0 short sword {short}
   (You took it off a kobold on level 1 of the Dungeon)
 f - a +1 dagger of electrocution (weapon) {short}
   (You took it off a kobold on level 1 of the Dungeon)
Missiles
 g - a stone {throwing}
Armour
 a - a +0 robe (worn)
Scrolls
 c - a scroll of noise {unknown}
 e - 3 scrolls of teleportation {unknown}
 i - a scroll of fear {unknown}
Potions
 b - 3 potions of magic
 h - a potion of ambrosia {unknown}
 j - a potion of lignification {unknown}

Dungeon Overview and Level Annotations

Branches:
Dungeon (2/15)

Altars:
Qazlal

g.....$...
g..#..#.#.#
#.g#..#.#.# .
#.g#..#.#.###..
..###).).........
...g)...........
.#..##..)..#..# #
.........##†g###..#
.........g§@§.....#
#.#.#..####○§###.##
#$..........§......
###.#............##
#.#######.###### #
#.# #.# #.# #.#


You could see 2 goblins.


Message History

😕 MP[-3]
You lost 3 mp, and now have 1/9 mp.
Casting: Inner Flame (quite dangerous; 13% risk of failure)
Confirm with . or Enter, or press ? or * to list all spells.
You conjure some foxfire!
A goblin comes into view. It is wielding a +0 dagger.
Robin is engulfed in blazing flames.
Qazlal accepts your kill.
The fiery explosion engulfs the goblin!!
You kill the goblin!
Qazlal accepts your kill.
You hear a sizzling sound! x2
You block the goblin's attack.
You hear a shout!
Your Fighting skill increases to level 1!
Your Short Blades skill increases to level 1!
Your Long Blades skill increases to level 1!
Your Axes skill increases to level 1!
Your Maces & Flails skill increases to level 1!
Your Polearms skill increases to level 1!
Your Staves skill increases to level 1!
Your Slings skill increases to level 1!
Your Bows skill increases to level 1!
Your Crossbows skill increases to level 1!
Your Throwing skill increases to level 1!
Your Armour skill increases to level 1!
Your Shields skill increases to level 1!
Your Unarmed Combat skill increases to level 1!
Your Evocations skill increases to level 1! 😕 HP[+1] MP[-1]
You now have 26 max hp (+1).
You lost 1 mp, and now have 0/9 mp.
Unknown command.
You hit the goblin.
You kill the goblin!
Qazlal accepts your kill.
The foxfire hits the hobgoblin. x2
You kill the hobgoblin!
Qazlal accepts your kill.
A goblin comes into view. It is wielding a +0 dagger.
A hobgoblin comes into view.
You see here a +0 club {mace}. 😕 MP[+1]
A goblin comes into view. It is wielding a +0 club.
There is a stone staircase leading up here.
You can't go down here!
You climb upwards.
There is a stone staircase leading down here.
You start resting. 😎 HP[+3] MP[+3]
Your hp is fully restored (26).
You regained 3 mp, and now have 4/9 mp.
You start resting. 😎 MP[+5]
Your mp is fully restored (9).
Unknown command.
You climb downwards.
The hobgoblin hits you. The goblin closely misses you.
The hobgoblin hits you but does no damage.
The goblin hits you with a +0 dagger.
There is a stone staircase leading up, spattered with blood here. 😮 HP[-7]
You take 7 damage, and now have 19/26 hp.
MASSIVE DAMAGE!! (PAUSE) Unknown command.
Casting: Foxfire (safe; 3% risk of failure)
Confirm with . or Enter, or press ? or * to list all spells.
The spell is quite dangerous to miscast (13% risk of failure)!
Continue anyway?
Aiming: Inner Flame (quite dangerous; 13% risk of failure)
Press: ? - help, Dir - move target, f - hobgoblin
Aim: a hobgoblin (chance to affect: 80%)
The hobgoblin is filled with an inner flame.
The hobgoblin hits you.
The goblin hits you with a +0 dagger. 😮 HP[-4] MP[-3]
You take 4 damage, and now have 15/26 hp.
You lost 3 mp, and now have 6/9 mp.
Casting: Inner Flame (quite dangerous; 13% risk of failure)
Confirm with . or Enter, or press ? or * to list all spells.
Flames lash the hobgoblin.
You kill the hobgoblin!
Qazlal accepts your kill. The goblin hits you with a +0 club.
The hobgoblin hits you but does no damage.
The goblin hits you but does no damage.
You have reached level 4!
You feel stronger. 😮 HP[+2] MP[-2]
You now have 32 max hp (+6).
You regained 2 hp, and now have 17/32 hp.
Unknown command.
Unknown command.
You closely miss the hobgoblin. Your bite misses the hobgoblin.
The goblin misses you. The hobgoblin completely misses you.
The goblin misses you.
You hit the hobgoblin.
Flame seeps out of the hobgoblin.
Lightning courses through the hobgoblin!
Qazlal accepts your kill.
The hobgoblin explodes!
The fiery explosion engulfs the goblin!!!
You kill the goblin!
Qazlal accepts your kill. The fiery explosion engulfs you!!
Ouch! That really hurt!
You die...

Skill      XL: |  1  2  3 |
---------------+----------+-----
Conjurations   | 2 |  2.2
Spellcasting   | 5 |  5.0
Invocations    | 1 |  1.1
Fighting       | 1 |  1.0
Short Blades   | 1 |  1.0
Long Blades    | 1 |  1.0
Axes           | 1 |  1.0
Maces & Flails | 1 |  1.0
Polearms       | 1 |  1.0
Staves         | 1 |  1.0
Slings         | 1 |  1.0
Bows           | 1 |  1.0
Crossbows      | 1 |  1.0
Throwing       | 1 |  1.0
Armour         | 1 |  1.0
Shields        | 1 |  1.0
Unarmed Combat | 1 |  1.0
Evocations     | 1 |  1.0
Dodging        | |  4.6
Stealth        | |  4.2
Hexes          | |  0.7
Summonings     | |  0.7
Necromancy     | |  0.7
Translocations | |  0.7
Transmutations | |  0.7
Fire Magic     | |  5.4
Ice Magic      | |  0.7
Air Magic      | |  0.7
Earth Magic    | |  0.7
Poison Magic   | |  0.7

Action                   |  1- 3 |  4- 6 || total
-------------------------+-------+-------++-------
Melee: Short sword       |    12 |       ||    12
       Bite              |     3 |       ||     3
       Dagger            |    10 |     2 ||    12
       Punch             |     1 |       ||     1
 Cast: Foxfire           |    69 |       ||    69
       Inner Flame       |     2 |       ||     2
       Scorch            |     1 |       ||     1
Armor: Robe              |    17 |       ||    17
Dodge: Dodged            |    29 |     3 ||    32
Block: Other             |     1 |       ||     1

Levels and vault maps discovered:
D:1:      lightli_iron_boxes, layout_basic, dreamdust_ecumenical_altar_grove
D:2:      layout_loops_ring, serial_forest, infiniplex_forest_straight_1,
          infiniplex_forest_3_way, infiniplex_forest_end_double,
          infiniplex_forest_lined_2, infiniplex_forest_straight_2,
          infiniplex_forest_corner_1, infiniplex_forest_clump_tiny, uniq_robin,
          uniq_terence

Notes
Turn   | Place    | Note
-------+----------+-------------------------------------------
     0 | D:1      | spaghetti the Gnoll Fire Elementalist began the quest for
                  | the Orb.
     0 | D:1      | Reached XP level 1. HP: 13/13 MP: 6/6
     0 | D:1      | magus.rc [v1.9.6]
    33 | D:1      | Reached skill level 2 in Conjurations
   205 | D:1      | Reached XP level 2. HP: 19/19 MP: 4/7
   722 | D:1      | Reached XP level 3. HP: 25/25 MP: 3/9
   828 | D:1      | Reached skill level 5 in Spellcasting
  1010 | D:1      | Found a faded altar of an unknown god.
  1025 | D:1      | Prayed at the altar of an unknown god.
  1025 | D:1      | Became a worshipper of Qazlal Stormbringer
  1025 | D:1      | Reached * piety under Qazlal
  1058 | D:1      | Learned a level 3 spell: Inner Flame
  1061 | D:1      | Learned a level 2 spell: Scorch
  1312 | D:2      | Noticed Robin
  1316 | D:2      | Reached skill level 1 in Invocations
  1319 | D:2      | Killed Robin
  1320 | D:2      | Reached skill level 1 in Fighting
  1320 | D:2      | Reached skill level 1 in Short Blades
  1320 | D:2      | Reached skill level 1 in Long Blades
  1320 | D:2      | Reached skill level 1 in Axes
  1320 | D:2      | Reached skill level 1 in Maces & Flails
  1320 | D:2      | Reached skill level 1 in Polearms
  1320 | D:2      | Reached skill level 1 in Staves
  1320 | D:2      | Reached skill level 1 in Slings
  1320 | D:2      | Reached skill level 1 in Bows
  1320 | D:2      | Reached skill level 1 in Crossbows
  1320 | D:2      | Reached skill level 1 in Throwing
  1320 | D:2      | Reached skill level 1 in Armour
  1320 | D:2      | Reached skill level 1 in Shields
  1320 | D:2      | Reached skill level 1 in Unarmed Combat
  1320 | D:2      | Reached skill level 1 in Evocations
  1398 | D:2      | Reached XP level 4. HP: 17/32 MP: 4/11
  1399 | D:2      | Killed by an exploding hobgoblin... ignited by their inner
                  | flame

Vanquished Creatures
  Robin (D:2)
  A dart slug (D:1)
  An endoplasm (D:1)
  A giant cockroach (D:1)
  7 goblins
  6 hobgoblins
  2 jackals (D:1)
  7 kobolds
  2 quokkas (D:1)
  7 ball pythons
  4 bats (D:1)
  4 rats
43 creatures vanquished.

Vanquished Creatures (collateral kills)
  4 foxfires (D:1)
4 creatures vanquished.

Vanquished Creatures (others)
  120 foxfires
  A plant (D:1)
121 creatures vanquished.

Grand Total: 168 creatures vanquished

Table legend:
 A = Non-vault XP
 B = Vault XP
 C = Vault XP percentage of total XP
 D = Non-vault monster count
 E = Vault monster count
 F = Vault count percentage of total count
                 A         B        C        D         E       F
            +---------+---------+-------+---------+---------+-------
      Total |      54 |      32 |  37.2 |      34 |       9 |  20.9
            +---------+---------+-------+---------+---------+-------
        D:1 |      51 |       0 |   0.0 |      31 |       0 |   0.0
        D:2 |       3 |      32 |  91.4 |       3 |       9 |  75.0
            +---------+---------+-------+---------+---------+-------

Illustrated notes

Table legend:
 A = Kills in this place as a percentage of kills in entire the game.
 B = Kills by you in this place as a percentage of kills by you in the entire game.
 C = Kills by friends in this place as a percentage of kills by friends in the entire game.
 D = Other kills in this place as a percentage of other kills in the entire game.
 E = Experience gained in this place as a percentage of experience gained in the entire game.
 F = Experience gained in this place divided by the number of levels of this place that you have seen.
                   A       B       C       D       E      F
               +-------+-------+-------+-------+-------+----------------------
         Total | 100.0 | 100.0 |   N/A |   N/A | 100.0 |  43.0
       Dungeon | 100.0 | 100.0 |   N/A |   N/A | 100.0 |  43.0
               +-------+-------+-------+-------+-------+----------------------

Table legend: (Time is in decaauts)
 A = Elapsed time spent in this place.
 B = Non-inter-level travel time spent in this place.
 C = Inter-level travel time spent in this place.
 D = Time resting spent in this place.
 E = Time spent auto-exploring this place.
 F = Levels seen in this place.
 G = Mean time per level.
                   A        B        C        D        E       F      G
               +--------+--------+--------+--------+--------+-----+--------+
         Total |   1399 |   1370 |     29 |     66 |   1090 |   2 |  699.5 |
       Dungeon |   1399 |   1370 |     29 |     66 |   1090 |   2 |  699.5 |
               +--------+--------+--------+--------+--------+-----+--------+

Top non-repeatable levels by time:
     D:1: 1345 daAuts
     D:2: 53 daAuts
